 Dungeon Crawl Stone Soup version 0.31-a0-507-gbafd7f5274 (webtiles) character file.

Game seed: 6323619947467602895

112 Mickster the Chopper (level 4, 0/40 HPs)
             Began as a Hill Orc Berserker on Aug 9, 2023.
             Was a Follower of Trog.
             Slain by Grinder (2 damage)
             ... on level 3 of the Dungeon.
             The game lasted 00:13:26 (1193 turns).

Mickster the Chopper (Hill Orc Berserker)           Turns: 1193, Time: 00:13:26

Health: 0/40       AC:  9    Str: 21    XL:     4   Next: 93%
Magic:  4/4        EV:  8    Int:  7    God:    Trog [*.....]
Gold:   116        SH:  0    Dex: 10    Spells: 3/3 levels left

rFire   . . .        a - +0 hand axe
rCold   . . .        (no shield)
rNeg    . . .        g - +0 chain mail
rPois   .            (no helmet)
rElec   .            (no cloak)
rCorr   .            (no gloves)
SInv    .            (no boots)
Will    .....        (no amulet) Stlth
                     (no ring)
HPRegen 0.26/turn    (no ring)
MPRegen 0.09/turn

%: no passive effects
@: on berserk cooldown, slowed, very slow
A: no striking features
a: Renounce Religion, Berserk


You were on level 3 of the Dungeon.
You worshipped Trog.
Trog was aware of your devotion.
You visited 1 branch of the dungeon, and saw 3 of its levels.

You collected 116 gold pieces.

Inventory:

Hand Weapons
 a - a +0 hand axe (weapon)
Armour
 d - a +0 ring mail
 g - a +0 chain mail (worn)
Jewellery
 h - a ring of magical power
Talismans
 b - a serpent talisman
 j - a flux talisman
Wands
 k - a wand of mindburst (23)
Scrolls
 c - a scroll of poison
 l - a scroll of enchant armour {unknown}
Potions
 e - 4 potions of brilliance {unknown}
 f - 2 potions of degeneration {unknown}
 i - a potion of might {unknown}


   Skills:
 + Level 4.2 Fighting
 + Level 5.1 Axes
 + Level 4.0 Armour
 + Level 1.8 Dodging


You had 3 spell levels left.
You didn't know any spells.
Your spell library was empty.

Dungeon Overview and Level Annotations

Branches:
Dungeon (3/15)

Altars:

Shops:
D:2 !

Annotations:
D:3 Grinder


Message History

You barely miss Grinder. You slash Grinder!
Grinder is moderately wounded.
Grinder hits you but does no damage.
You barely miss Grinder.
Grinder is moderately wounded.
Grinder hits you!
You writhe in agony.
You barely miss Grinder.
Grinder is moderately wounded.
Grinder blinks!
You are no longer berserk.
You are exhausted.
You feel yourself slow down. Grinder gestures at you.
Pain shoots through your body! Grinder gestures at you.
Pain shoots through your body!
* * * LOW HITPOINT WARNING * * *
There is an open door here.
Grinder gestures at you.
You suddenly lose the ability to move!
Grinder hits you but does no damage. Grinder hits you.
* * * LOW HITPOINT WARNING * * *
You writhe in agony.
* * * LOW HITPOINT WARNING * * *
Grinder hits you but does no damage. x2
You can move again.
Grinder hits you but does no damage. Grinder hits you.
* * * LOW HITPOINT WARNING * * *
You writhe in agony.
* * * LOW HITPOINT WARNING * * *
You hit Grinder.
Grinder is moderately wounded.
Grinder hits you.
* * * LOW HITPOINT WARNING * * *
You barely miss Grinder.
Grinder is moderately wounded.
Grinder hits you but does no damage. Grinder hits you.
You die...

#..........#
#..........
###.........
...$...... # #....?..
.# .>.... .. #.#)##.#
#.5@...# ###.# ###
###.#### #.... ..#
##'## #.#.# #.#
##...## #.#.# #.#
##.....## #.#.####.#
##.......## #.#...##.#
#.........###.....##.#
+.........'...........
#.........###........#


You could see Grinder.

Vanquished Creatures
  Ijyb (D:3)
  5 gnolls (D:2)
  An adder (D:2)
  An endoplasm (D:2)
  2 giant cockroaches (D:2)
  A hobgoblin (D:2)
  5 kobolds
  3 quokkas
  4 ball pythons
  3 bats (D:2)
  2 frilled lizards
  3 goblins
  2 rats
33 creatures vanquished.

Notes
Turn   | Place    | Note
-------+----------+-------------------------------------------
     0 | D:1      | Mickster the Hill Orc Berserker began the quest for the
                  | Orb.
     0 | D:1      | Reached XP level 1. HP: 19/19 MP: 1/1
   328 | D:1      | Reached XP level 2. HP: 27/27 MP: 2/2
   515 | D:2      | Found Ziejoch's Distillery.
   529 | D:2      | Reached XP level 3. HP: 30/33 MP: 3/3
   810 | D:2      | Reached XP level 4. HP: 21/40 MP: 4/4
   813 | D:2      | Reached skill level 5 in Axes
   935 | D:3      | Noticed Ijyb
   945 | D:3      | Killed Ijyb
  1155 | D:3      | Reached ** piety under Trog
  1168 | D:3      | Noticed Grinder
  1186 | D:3      | Paralysed by Grinder for 5 turns
  1191 | D:3      | HP: 2/40 [Grinder (1)]
  1193 | D:3      | Slain by Grinder

Illustrated notes

Levels and vault maps discovered:
D:1:      roderic_dead_forest, layout_loops_cross
D:2:      layout_rooms, serial_shops, shop, minmay_surrounded
D:3:      layout_loops_corners, pf_guarded_unrand_meek, uniq_grinder, uniq_ijyb

Skill      XL: |  1  2  3  4 |
---------------+-------------+-----
Fighting       | 4 |  4.2
Armour         | 3 4 |  4.0
Axes           | 5 |  5.1
Dodging        | |  1.8

Action                     |  1- 3 |  4- 6 || total
---------------------------+-------+-------++-------
  Melee: Hand axe          |    52 |    35 ||    87
         Punch             |     1 |       ||     1
 Invoke: Berserk           |     3 |     2 ||     5
    Use: Scroll            |     3 |     1 ||     4
 Armour: Animal skin       |     1 |       ||     1
         Ring mail         |    15 |     4 ||    19
         Chain mail        |       |    19 ||    19
  Dodge: Dodged            |    42 |    10 ||    52

Table legend: (Time is in decaauts)
 A = Elapsed time spent in this place.
 B = Non-inter-level travel time spent in this place.
 C = Inter-level travel time spent in this place.
 D = Time resting spent in this place.
 E = Time spent auto-exploring this place.
 F = Levels seen in this place.
 G = Mean time per level.
                   A        B        C        D        E       F      G
               +--------+--------+--------+--------+--------+-----+--------+
         Total |   1221 |   1034 |    187 |      0 |      0 |   3 |  407.0 |
       Dungeon |   1221 |   1034 |    187 |      0 |      0 |   3 |  407.0 |
               +--------+--------+--------+--------+--------+-----+--------+

Top non-repeatable levels by time:
     D:2: 486 daAuts
     D:1: 462 daAuts
     D:3: 272 daAuts
